Map: Orbital Shipyard

Players

대한 - Winner!

  • Race: Protoss Protoss
  • League: Diamond

ILLBdA

  • Race: Protoss Protoss
  • League: Diamond

VOD

Have the link to the VOD?

Description

Time

  • Played on: Dec. 31, 2015, 4:24 a.m.
  • Length: 18:38
Show
View Real Time Build Order
Export as new Build Order

대한 Protoss - Winner!

Build Orders: Nexus First 

Get SALT Encoding   

  12  0:01  Probe (Chrono Boost)  
  13  0:11  Probe (Chrono Boost)  
  14  0:17  Pylon  
  14  0:22  Probe (Chrono Boost)  
  15  0:36  Probe (Chrono Boost)  
  16  0:46  Probe (Chrono Boost)  
  17  0:57  Nexus  
  17  1:02  Probe (Chrono Boost)  
  18  1:13  Gateway  
  18  1:15  Assimilator  
  18  1:24  Assimilator  
  18  1:29  Gateway  
  18  1:38  Probe (Chrono Boost)  
  19  2:01  Zealot (Chrono Boost)  
  21  2:04  Pylon  
  20  2:10  Probe  
  20  2:11  Probe  
  19  2:25  Zealot (Chrono Boost)  
  23  2:46  Zealot (Chrono Boost)  
  23  2:49  Zealot (Chrono Boost)  
  24  3:08  Probe  
  24  3:10  Zealot (Chrono Boost)  
  27  3:19  Zealot (Chrono Boost)  
  29  3:25  Probe x2  
  31  3:40  Zealot (Chrono Boost)  
  33  3:53  Cybernetics Core  
  33  3:55  Pylon  
  35  4:03  Zealot (Chrono Boost)  
  35  4:08  Assimilator  
  35  4:10  Pylon  
  35  4:16  Zealot (Chrono Boost)  
  37  4:30  Pylon  
  38  4:31  Assimilator  
  37  4:45  Mothership Core  
  35  5:07  Probe  
  28  5:21  Probe  
  28  5:23  Stalker (Chrono Boost)  
  28  5:27  Stalker (Chrono Boost)  
  33  5:31  Pylon  
  31  5:37  Probe  
  31  5:50  Probe  
  31  5:53  Nexus  
  34  5:58  Stalker (Chrono Boost)  
  34  6:08  Stargate  
  34  6:14  Stalker (Chrono Boost)  
  36  6:27  Probe  
  39  6:49  Stalker (Chrono Boost)  
  39  6:51  Stalker (Chrono Boost)  
  41  6:56  Probe  
  41  7:00  Warp Gate (Chrono Boost)  
  42  7:04  Probe  
  44  7:08  Probe  
  44  7:13  Oracle (Chrono Boost)  
  44  7:14  Probe  
  47  7:20  Probe  
  49  7:25  Probe  
  50  7:31  Gateway  
  50  7:32  Probe  
  50  7:33  Twilight Council  
  50  7:35  Probe  
  50  7:53  Probe  
  50  7:54  Probe  
  52  8:00  Stalker, Phoenix (Chrono Boost)  
  52  8:03  Probe  
  57  8:05  Assimilator  
  57  8:10  Probe  
  58  8:14  Probe  
  59  8:27  Probe  
  59  8:28  Probe  
  59  8:30  Phoenix (Chrono Boost)  
  60  8:37  Probe  
  60  8:41  Assimilator  
  61  8:44  Pylon  
  61  8:51  Probe  
  61  8:52  Probe  
  63  8:56  Pylon  
  63  8:58  Phoenix (Chrono Boost)  
  63  9:01  Probe  
  66  9:10  Probe  
  66  9:12  Probe  
  66  9:13  Stalker x3  
  74  9:19  Stargate  
  74  9:22  Probe x2  
  76  9:34  Probe  
  73  9:42  Phoenix (Chrono Boost)  
  73  9:45  Pylon  
  75  9:52  Probe  
  76  9:54  Stalker, Nexus  
  76  9:55  Stalker  
  80  10:04  Phoenix (Chrono Boost)  
  84  10:07  Phoenix (Chrono Boost)  
  84  10:08  Probe  
  84  10:09  Probe  
  86  10:16  Pylon, Assimilator  
  86  10:17  Blink (Chrono Boost)  
  78  10:30  Stalker x3  
  55  10:51  Probe x2  
  57  11:03  Probe x2  
  59  11:06  Probe  
  59  11:10  Stalker x3  
  59  11:11  Void Ray (Chrono Boost)  
  66  11:15  Probe  
  66  11:18  Void Ray (Chrono Boost)  
  71  11:24  Mothership Core  
  77  11:31  Probe  
  77  11:32  Probe  
  79  11:43  Stalker x2, Probe  
  84  11:47  Void Ray  
  84  11:52  Probe x2  
  84  11:54  Void Ray  
  94  12:04  Probe x2  
  94  12:08  Pylon  
  96  12:10  Probe  
  97  12:16  Probe  
  97  12:20  Probe, Dark Shrine  
  97  12:22  Probe  
  100  12:26  Void Ray  
  100  12:27  Stargate  
  100  12:29  Probe  
  101  12:33  Probe  
  101  12:36  Void Ray (Chrono Boost)  
  110  12:45  Pylon  
  110  12:54  Stalker x3  
  116  13:11  Void Ray (Chrono Boost)  
  120  13:15  Void Ray (Chrono Boost)  
  120  13:30  Adept x3  
  116  13:41  Void Ray (Chrono Boost)  
  114  13:44  Pylon  
  114  13:46  Pylon  
  114  13:49  Gateway x2, Void Ray (Chrono Boost)  
  114  13:51  Dark Templar x3  
  128  14:03  Void Ray (Chrono Boost)  
  128  14:09  Nexus  
  128  14:10  Pylon  
  128  14:18  Void Ray (Chrono Boost)  
  132  14:27  Void Ray (Chrono Boost)  
  136  14:47  Void Ray (Chrono Boost)  
  140  14:55  Void Ray (Chrono Boost)  
  140  15:13  Stalker x2  
  140  15:14  Stalker  
  146  15:16  Void Ray (Chrono Boost)  
  146  15:18  Pylon  
  148  15:22  Void Ray (Chrono Boost)  
  148  15:26  Pylon x2  
  148  15:28  Pylon  
  152  15:30  Stalker x2  
  152  15:34  Pylon  
  156  15:36  Void Ray (Chrono Boost)  
  156  15:41  Protoss Air Weapons Level 1 (Chrono Boost)  
  160  15:48  Gateway  
  160  15:49  Zealot x3  
  166  15:50  Gateway  
  166  15:54  Zealot  
  166  15:55  Zealot  
  170  16:04  Probe  
  170  16:06  Void Ray x2  
  171  16:12  Stalker x2  
  171  16:14  Sentry  
  171  16:15  Probe  
  186  16:18  Dark Templar  
  186  16:25  Void Ray  
  192  16:41  Zealot x4  
  200  16:57  Robotics Facility  
  200  17:12  Forge  
  200  17:16  Robotics Facility  
  140  17:46  Void Ray  
  110  17:51  Void Ray x2  
  104  18:02  Photon Cannon  
  96  18:06  Observer (Chrono Boost), Photon Cannon x2  
  96  18:08  Zealot x3  
  96  18:10  Zealot  
  96  18:11  Zealot x3  
Show
View Real Time Build Order
Export as new Build Order

ILLBdA Protoss 

Build Orders:  

Get SALT Encoding   

  12  0:01  Probe (Chrono Boost)  
  13  0:11  Probe (Chrono Boost)  
  14  0:18  Pylon  
  14  0:22  Probe (Chrono Boost)  
  15  0:36  Probe (Chrono Boost)  
  15  0:38  Forge  
  16  0:47  Probe (Chrono Boost)  
  17  0:57  Probe (Chrono Boost)  
  18  1:15  Probe (Chrono Boost)  
  19  1:19  Pylon  
  19  1:20  Pylon  
  19  1:21  Pylon  
  19  1:37  Photon Cannon  
  19  1:40  Pylon, Photon Cannon  
  19  1:56  Probe (Chrono Boost), Pylon  
  20  2:12  Probe (Chrono Boost)  
  20  2:13  Photon Cannon  
  21  2:17  Photon Cannon  
  21  2:20  Gateway  
  21  2:22  Gateway  
  21  2:31  Probe (Chrono Boost)  
  21  2:37  Pylon  
  22  2:38  Pylon  
  22  2:41  Pylon  
  22  2:52  Photon Cannon  
  22  3:02  Photon Cannon  
  20  3:07  Zealot (Chrono Boost)  
  23  3:13  Zealot (Chrono Boost)  
  23  3:16  Probe  
  23  3:18  Assimilator  
  24  3:20  Cybernetics Core  
  24  3:24  Assimilator  
  26  3:43  Pylon  
  26  3:48  Probe  
  22  3:52  Gateway  
  21  4:05  Warp Gate  
  21  4:15  Nexus  
  21  4:19  Mothership Core, Pylon  
  23  4:42  Gateway  
  23  4:43  Adept (Chrono Boost)  
  23  4:44  Probe  
  26  4:54  Probe  
  27  5:05  Probe  
  28  5:15  Probe  
  29  5:22  Adept (Chrono Boost)  
  29  5:29  Probe  
  29  5:32  Probe  
  31  5:39  Probe  
  32  5:43  Probe  
  32  5:48  Stargate  
  33  5:50  Probe  
  34  5:58  Gateway  
  34  5:59  Gateway  
  34  6:02  Probe x2  
  36  6:13  Photon Cannon  
  36  6:17  Zealot  
  38  6:29  Adept  
  40  6:35  Oracle (Chrono Boost)  
  43  6:42  Probe  
  43  6:45  Probe  
  44  6:51  Pylon  
  41  6:54  Probe  
  41  6:56  Probe  
  43  7:06  Probe  
  43  7:07  Probe, Phoenix (Chrono Boost)  
  47  7:09  Stargate  
  47  7:17  Adept  
  47  7:18  Probe, Adept x2  
  47  7:22  Probe  
  55  7:30  Probe  
  55  7:33  Probe  
  55  7:36  Phoenix (Chrono Boost)  
  59  7:51  Assimilator  
  59  7:56  Assimilator  
  59  7:58  Phoenix (Chrono Boost)  
  61  7:59  Probe, Pylon  
  61  8:00  Adept  
  61  8:01  Adept  
  61  8:05  Probe  
  69  8:15  Phoenix (Chrono Boost)  
  61  8:28  Probe  
  61  8:29  Nexus  
  61  8:30  Phoenix (Chrono Boost)  
  64  8:39  Phoenix (Chrono Boost)  
  66  8:48  Zealot x2  
  66  8:53  Probe  
  71  8:58  Probe  
  72  9:05  Phoenix  
  74  9:10  Pylon  
  74  9:16  Phoenix  
  76  9:21  Probe x2  
  78  9:29  Phoenix  
  78  9:41  Phoenix  
  80  9:47  Adept x3  
  80  9:51  Probe  
  86  9:58  Phoenix  
  86  9:59  Probe  
  91  10:00  Probe  
  91  10:02  Probe  
  92  10:09  Pylon  
  88  10:39  Phoenix x2  
  80  10:46  Adept x2  
  80  10:47  Adept x2  
  80  10:49  Probe  
  80  10:52  Probe  
  82  11:01  Twilight Council  
  82  11:03  Assimilator  
  82  11:04  Phoenix  
  84  11:06  Adept x2  
  84  11:08  Phoenix, Assimilator  
  84  11:09  Gateway  
  84  11:10  Gateway x2  
  90  11:12  Probe  
  90  11:14  Probe x2  
  93  11:22  Probe  
  94  11:26  Probe  
  94  11:27  Pylon  
  94  11:28  Protoss Ground Weapons Level 1, Phoenix  
  97  11:33  Phoenix  
  99  11:50  Resonating Glaives (Chrono Boost)  
  99  11:51  Adept x4  
  107  11:58  Pylon  
  107  12:00  Phoenix  
  109  12:09  Photon Cannon  
  109  12:10  Pylon  
  109  12:16  Probe, Adept x2, Phoenix  
  116  12:24  Robotics Facility  
  116  12:32  Probe (Chrono Boost)  
  116  12:33  Probe (Chrono Boost), Adept  
  116  12:34  Adept x2  
  124  12:43  Probe (Chrono Boost)  
  124  12:44  Pylon  
  125  12:45  Pylon  
  125  12:59  Pylon  
  125  13:00  Pylon  
  125  13:03  Fleet Beacon  
  111  13:40  Templar Archives, Adept x3  
  113  13:49  Anion Pulse-Crystals  
  113  13:52  Tempest x2  
  113  13:54  Adept x3  
  123  13:59  Probe (Chrono Boost)  
  123  14:00  Probe (Chrono Boost)  
  125  14:06  Dark Shrine  
  125  14:12  Dark Shrine  
  125  14:15  Photon Cannon  
  125  14:20  High Templar x2  
  125  14:22  Zealot x2  
  125  14:23  Zealot  
  135  14:24  Archon  
  135  14:35  Tempest  
  139  14:44  High Templar x2  
  139  14:48  Archon  
  135  14:56  Observer  
  135  14:58  Tempest  
  132  15:19  Probe (Chrono Boost)  
  132  15:21  Probe x2 (Chrono Boost)  
  135  15:25  High Templar  
  135  15:26  High Templar  
  139  15:29  Pylon, Archon  
  139  15:30  Probe (Chrono Boost), Nexus  
  139  15:33  Probe (Chrono Boost), Tempest (Chrono Boost)  
  145  15:45  Tempest (Chrono Boost)  
  149  16:09  Pylon  
  149  16:13  Dark Templar x2, Tempest (Chrono Boost)  
  157  16:18  Probe  
  157  16:25  Dark Templar  
  160  16:34  Psionic Storm  
  160  16:37  Probe x2  
  162  16:52  Dark Templar  
  164  17:14  Dark Templar x2  
  168  17:17  Assimilator  
  168  17:19  Assimilator  
  165  17:22  Pylon  
  165  17:29  Tempest  
  165  17:34  Dark Templar  
  125  17:49  Probe  
  96  17:56  Dark Templar x2  
  71  18:09  Nexus  
  71  18:14  Stalker x2  
  71  18:15  Stalker x3  
  81  18:23  Probe  
  81  18:26  Gateway  
  80  18:29  Gateway  
Tags
 
Matchup
PvP
Replay Pack
me
Add a new tag
Caveats
  • Supply blocks, unpowered buildings, or Contaminate may cause inaccurate times.
  • Supply counts are checked every 10 seconds.